AoeStats
← Chris77A

Black Forest

505832345Analyzed
3v3 RM · 20d ago on Sep 11, 2026· 141m 31s· 6 players
Game mode
Random Map
Map size
Normal (6 player)
Population
200
Speed
Normal
Resources
Standard
Victory
Conquest
Starting age
Dark Age
Ending age
Imperial Age
RankedLock teamsTeams togetherTeam positionsShared explorationLock speedFull tech treeHidden civsTurbo modeCheats
Victory
Defeat
🇳🇱 Armenians · Netherlands
1292
+16
🇦🇺 Turks · Australia
1153
+22
🇹🇷 Franks · Türkiye
1136
+23
🇬🇧 Japanese · United Kingdom
1339
-22
🇬🇧 Bohemians · United Kingdom
1291
-20
🇬🇧 Teutons · United Kingdom
1248
-19
Kez
12:00 Feudal Age
16:04 Castle Age
15:34 Double-Bit Axe
17:04 Loom
20:27 Fishing Lines
20:58 Horse Collar
22:12 Gillnets
23:59 Bow Saw
25:23 Heavy Plow
30:12 Imperial Age
28:33 Wheelbarrow
27:45 Town Watch
27:56 Fletching
28:09 Gold Mining
28:16 Stone Mining
29:01 Padded Archer Armor
29:49 Hand Cart
30:59 Ballistics
30:36 Bodkin Arrow
30:57 Leather Archer Armor
33:15 Chemistry
32:27 Bracer
32:58 Ring Archer Armor
32:52 Conscription
33:45 Scale Mail Armor
33:55 Forging
33:41 Elite Composite Bowman
34:11 Man-at-Arms
34:52 Squires
34:37 Gambesons
34:38 Arson
36:09 Chain Mail Armor
36:30 Iron Casting
36:39 Gold Shaft Mining
35:43 Long Swordsman
37:04 Masonry
36:50 Murder Holes
37:01 Two-Handed Swordsman
37:18 Onager
37:53 Champion
40:03 Hoardings
41:32 Coinage
41:44 Fereters
42:10 Plate Mail Armor
42:41 Blast Furnace
41:57 Capped Ram
43:20 Banking
42:51 Caravan
43:37 Guilds
45:35 Town Patrol
45:37 Siege Ram
47:52 Pikeman
49:47 Halberdier
55:38 Heavy Scorpion
58:49 Fortified Wall
75:06 Cilician Fleet
76:22 Medium Warships
hadibaaayım
0:52 Loom
12:30 Feudal Age
13:33 Double-Bit Axe
27:02 Gold Mining
27:19 Padded Archer Armor
27:11 Fletching
27:32 Forging
30:48 Fishing Lines
31:20 Scale Barding Armor
35:24 Castle Age
34:32 Stone Mining
36:24 Bow Saw
36:18 Husbandry
36:59 Chain Barding Armor
37:16 Gillnets
40:33 Iron Casting
43:22 Leather Archer Armor
50:00 Coinage
50:00 Light Cavalry
55:25 Imperial Age
53:38 Wheelbarrow
52:49 Town Watch
54:06 Ballistics
54:46 #83
56:12 Bodkin Arrow
56:35 Hand Cart
democracy manifest
0:58 Loom
15:07 Feudal Age
19:23 Castle Age
25:37 Imperial Age
23:13 Double-Bit Axe
23:31 Horse Collar
26:16 Heavy Plow
26:26 Bow Saw
32:04 Gold Mining
37:36 Two-Man Saw
36:49 Forging
36:44 Scale Barding Armor
38:06 Gold Shaft Mining
37:21 Stone Mining
38:09 Iron Casting
38:02 Bloodlines
37:47 Heavy Camel Rider
44:04 Blast Furnace
45:01 Heavy Camel Rider
46:48 Husbandry
49:00 Wheelbarrow
50:26 Artillery
52:12 Caravan
52:53 Chain Barding Armor
62:35 Bombard Tower
62:36 Ballistics
62:26 Masonry
63:22 Hand Cart
62:53 Town Watch
67:10 Plate Barding Armor
66:36 Scale Mail Armor
67:31 Fletching
78:57 Architecture
78:23 Murder Holes
116:27 Town Patrol
116:29 Bodkin Arrow
116:49 Chain Mail Armor
116:22 Treadmill Crane
Chris77A
1:04 Loom
13:13 Feudal Age
19:40 Castle Age
19:45 Double-Bit Axe
19:43 Horse Collar
22:49 Wheelbarrow
24:40 Hand Cart
25:15 Elite Skirmisher
30:21 Scale Barding Armor
34:10 Chain Barding Armor
34:35 Heavy Plow
35:10 Bloodlines
36:19 Fletching
36:40 Forging
36:31 Padded Archer Armor
39:11 Iron Casting
41:08 Imperial Age
39:05 Pikeman
40:58 Squires
42:11 Conscription
43:02 Plate Barding Armor
43:05 Ballistics
42:52 Gold Mining
44:17 Ironclad
43:24 Cavalier
45:08 Chemistry
44:22 Siege Engineers
45:22 Hoardings
45:17 Bodkin Arrow
45:39 Leather Archer Armor
45:20 Halberdier
48:24 Crenellations
47:49 Cavalier
49:30 Scale Mail Armor
50:01 Ring Archer Armor
50:10 Elite Teutonic Knight
51:10 Chain Mail Armor
51:43 Masonry
56:13 Caravan
63:41 Arson
66:02 Bow Saw
69:07 Plate Mail Armor
75:54 Blast Furnace
74:31 Onager
out.c/imperator`
4:03 Loom
9:58 Feudal Age
10:04 Man-at-Arms
19:01 Forging
20:03 Scale Mail Armor
20:45 Horse Collar
20:52 Double-Bit Axe
22:01 Fletching
27:37 Castle Age
26:11 Padded Archer Armor
26:22 Gold Mining
28:15 Bodkin Arrow
27:43 Crossbowman
28:29 Thumb Ring
29:25 Bow Saw
30:28 Wheelbarrow
30:24 Ballistics
29:35 Pikeman
31:34 Heavy Plow
32:50 Fortified Wall
34:11 Hand Cart
35:36 Gold Shaft Mining
34:33 Elite Skirmisher
35:54 Stone Mining
37:11 Leather Archer Armor
43:40 Iron Casting
43:20 Chain Mail Armor
43:10 Squires
50:06 Imperial Age
48:42 Caravan
51:18 Conscription
50:24 Capped Ram
50:39 Halberdier
52:22 Blast Furnace
51:53 Plate Mail Armor
51:42 Elite Samurai
54:22 Kataparuto
60:29 Arbalester
64:13 Chemistry
63:39 Bracer
64:47 Ring Archer Armor
67:53 Coinage
69:13 Arson
69:14 Gambesons
71:58 Banking
76:16 Onager
87:42 Two-Man Saw
86:24 Light Cavalry
87:14 Bloodlines
87:05 Husbandry
89:28 Scale Barding Armor
95:34 Siege Engineers
98:00 Chain Barding Armor
DrunkMonk
2:42 Loom
11:54 Feudal Age
12:35 Double-Bit Axe
15:02 Wheelbarrow
15:00 Horse Collar
19:13 Castle Age
20:32 Bow Saw
20:39 Caravan
22:08 Fishing Lines
23:22 Town Watch
25:57 Chemistry
25:40 Heavy Plow
25:57 Gillnets
31:57 Imperial Age
29:19 Fletching
29:29 Padded Archer Armor
29:39 Scale Barding Armor
30:48 Hand Cart
30:42 Bodkin Arrow
31:19 Padded Archer Armor
31:41 Chain Barding Armor
33:11 Bracer
33:22 Forging
34:16 Two-Man Saw
34:57 Ballistics
35:23 Conscription
36:41 Fervor
36:35 Devotion
36:56 Sanctity
37:06 Siege Engineers
37:32 Caravan
41:50 Light Cavalry
42:31 Husbandry
42:32 Elite Skirmisher
42:44 Houfnice
45:48 Coinage
45:44 Leather Archer Armor
46:04 Iron Casting
45:30 Scale Mail Armor
45:08 Houfnice
49:29 Masonry
51:23 Ring Archer Armor
53:35 Town Patrol
56:34 Blast Furnace
55:20 Elite Hussite Wagon
58:20 Chain Mail Armor
64:22 Plate Mail Armor
68:11 Pikeman
68:51 Squires
68:37 Arson
69:02 Halberdier
74:13 Architecture
74:06 Bombard Tower
82:16 Hussite Reforms
98:19 Hussite Reforms
98:20 Wagenburg Tactics
Connection lost

Rejoining the realm…

Still unreachable

The connection could not be restored.

Session expired

The server has moved on; the page needs a fresh start.